 Dungeon Crawl Stone Soup version 0.22-a0-833-g8522bf8 (webtiles) character file.

56 inc the Sneak (level 3, -4/14 HPs)
             Began as a Felid Enchanter on July 25, 2018.
             Was a Follower of Uskayaw.
             Slain by Natasha (8 damage)
             ... on level 3 of the Dungeon.
             The game lasted 00:05:48 (3063 turns).

inc the Sneak (Felid Enchanter)                     Turns: 3063, Time: 00:05:49

Health: -4/14      AC:  1    Str:  4    XL:     3   Next: 71%
Magic:  1/7        EV: 18    Int: 17    God:    Uskayaw [*.....]
Gold:   127        SH:  0    Dex: 16    Spells: 0/6 levels left
                                        Lives:  0   Deaths: 1

rFire    . . .     SeeInvis +     - Unarmed
rCold    . . .     Gourm    .   (shield unavailable)
rNeg     . . .     Faith    .   (armour unavailable)
rPois    .         Spirit   .   (helmet unavailable)
rElec    .         Reflect  .   (cloak unavailable)
rCorr    .         Harm     .   (gloves unavailable)
MR       .....                  (boots unavailable)
Stlth    ++++......             (no amulet)
HPRegen  0.04/turn              (no ring)
MPRegen  0.10/turn              (no ring)

@: quick
A: very small, no armour, no weapons or thrown items, stealth, claws 1, fangs 3,
see invisible, carnivore, speed 1, shaggy fur 1, slow metabolism 1, sharp paws
a: Stomp, Renounce Religion


You were on level 3 of the Dungeon.
You worshipped Uskayaw.
Uskayaw was noncommittal.
You were full.

You visited 1 branch of the dungeon, and saw 3 of its levels.

You collected 127 gold pieces.

Inventory:

Jewellery
 h - an uncursed ring of protection from cold {unknown}
Scrolls
 a - 2 scrolls of blinking {unknown}
 c - a scroll of noise {unknown}
 d - 2 scrolls of amnesia {unknown}
 e - 2 scrolls of teleportation {unknown}
 f - 2 scrolls of identify {unknown}
 m - a scroll of immolation {unknown}
 n - a scroll of remove curse {unknown}
Potions
 g - a potion of lignification {unknown}
 i - a potion of degeneration {unknown}
 j - a potion of haste {unknown}
 k - a potion of heal wounds {unknown}
 l - a potion of invisibility {unknown}
Comestibles
 b - 5 rations


   Skills:
 - Level 2.6 Dodging
 - Level 6.1 Stealth
 - Level 3.2 Unarmed Combat
 + Level 2.1 Spellcasting
 - Level 4.4 Hexes


You couldn't memorise any spells.
You knew the following spells:

 Your Spells              Type           Power        Failure   Level  Hunger
a - Corona                Hex            ###....      3%          1    #......
b - Ensorcelled Hibernat  Hex/Ice        #.....       12%         2    ###....
c - Confuse               Hex            ###.....     10%         3    ###....

Your spell library contained the following spells:

 Spells                   Type           Power        Failure   Level  Hunger
 Tukima's Dance           Hex            ###.....     10%         3    ###....
 Dazzling Spray           Conj/Hex       #.....       24%         3    ###....


Dungeon Overview and Level Annotations

Branches:
Dungeon (3/15)

Altars:
Uskayaw

Annotations:
D:2 Sigmund
D:3 Natasha


Innate Abilities, Weirdness & Mutations

You cannot wear armour.
You are incapable of wielding weapons or throwing items.
Your paws allow you to move quietly. (Stealth)
You have sharp claws.
You have razor-sharp teeth.
You have supernaturally acute eyesight. (SInv)
You are carnivorous and can eat meat at any time.
You cover ground quickly.
You are covered in fur. (AC +1)
You have a slow metabolism.
Your sharp claws are effective at attacking unaware monsters.


Message History

Casting: Ensorcelled Hibernation (safe; 12% risk of failure)
Confirm with . or Enter, or press ? or * to list all spells.
Aiming: Ensorcelled Hibernation (safe; 12% risk of failure)
Press: ? - help, Shift-Dir - straight line, f/p - Natasha
Aim: Natasha (heavily wounded, chance to defeat MR: 40%) Natasha resists with some effort.
Natasha completely misses you. The shadow imp completely misses you.
Casting: Ensorcelled Hibernation (safe; 12% risk of failure)
Confirm with . or Enter, or press ? or * to list all spells.
You don't have enough magic to cast that spell.
You scratch Natasha.
Natasha is severely wounded.
Natasha completely misses you.
You scratch Natasha but do no damage.
Natasha is severely wounded.
The shadow imp hits you.
* * * LOW HITPOINT WARNING * * *
Natasha claws you!
Ouch! That really hurt!
You die...

#.######.##.# #.#
######.### #.##.# #.#
#........# #.##.####.#
#...†....# #.......#.#
#........# #.....#.#.#
#........####.....#.#.###
#......w>.............##.
##.#####5##.#....)#......
#. #@##.#.....##..#.. #.
#h## #..<....).#.. #
#####g##.#.#####.#.#..
##.#....g...#.####..)....
###...##.#.####.)....÷.....
.............##............
......##.#.#$###...........
..... #.#.#.# #......#.#)#
.... ....#.###......#.#..


You could see Natasha, a shadow imp, a dart slug and 2 goblins.

Vanquished Creatures
  3 adders
  3 worms
  4 dart slugs
  4 leopard geckos
  3 orcs
  2 ball pythons (D:1)
  8 bats
  A giant cockroach (D:1)
  12 goblins
  3 hobgoblins
  3 jackals
  A quokka (D:2)
  4 frilled lizards (D:2)
  5 kobolds
  6 rats
62 creatures vanquished.

Notes
Turn   | Place    | Note
-------+----------+-------------------------------------------
     0 | D:1      | inc the Felid Enchanter began the quest for the Orb.
     0 | D:1      | Reached XP level 1. HP: 7/7 MP: 4/4
   303 | D:2      | Found a hide-covered altar of Uskayaw.
   321 | D:2      | Became a worshipper of Uskayaw the Reveler
   326 | D:2      | Reached XP level 2. HP: 11/11 MP: 6/6
   341 | D:2      | Reached * piety under Uskayaw
   346 | D:2      | Reached ** piety under Uskayaw
   608 | D:2      | Learned a level 2 spell: Ensorcelled Hibernation
   624 | D:2      | Reached skill level 5 in Stealth
   631 | D:2      | Reached XP level 3. HP: 14/14 MP: 4/7
   736 | D:2      | Noticed Sigmund
  1799 | D:2      | Reached XP level 4. HP: 18/18 MP: 8/8
  1804 | D:2      | Learned a level 3 spell: Confuse
  2308 | D:3      | Reached skill level 6 in Stealth
  2628 | D:3      | Killed from afar by an orc wizard
  2629 | D:3      | Reached XP level 3. HP: -1/14 MP: 0/7
  3046 | D:3      | Noticed Natasha
  3063 | D:3      | Slain by Natasha

Vault maps used:
D:1:      roderic_dead_forest, minmay_vboxes
D:2:      lemuel_doored_altar, first_ration, uniq_sigmund
D:3:      uniq_crazy_yiuf_cottage, uniq_natasha

Skill      XL: |  1  2  3  4 |
---------------+-------------+-----
Unarmed Combat | 2 3 |  3.2
Stealth        | 5 6 |  6.1
Dodging        | |  2.6
Spellcasting   | |  2.1
Hexes          | |  4.4

Action                   |  1- 3 |  4- 6 || total
-------------------------+-------+-------++-------
Melee: Unarmed           |    99 |    43 ||   142
       Bite              |     4 |     2 ||     6
 Cast: Corona            |     2 |       ||     2
       Ensorcelled Hiber |    28 |    11 ||    39
Invok: Stomp             |     3 |     1 ||     4
       Line Pass         |     1 |       ||     1
 Stab: Sleeping          |    29 |     9 ||    38
  Eat: Chunk             |     6 |     5 ||    11
Armor: Skin              |     6 |     3 ||     9
Dodge: Dodged            |    90 |    32 ||   122

Table legend:
 A = Spawn XP
 B = Non-spawn XP
 C = Spawn XP percentage of total XP
 D = Spawn monster count
 E = Non-spawn monster count
 F = Spawn count percentage of total count
 G = Total turns spent on level
                    A         B        C        D         E        F      G
               +---------+---------+-------+---------+---------+-------+---------
         Total |       0 |     164 |   0.0 |       0 |      62 |   0.0 |  3063
               +---------+---------+-------+---------+---------+-------+---------
           D:1 |       0 |      33 |   0.0 |       0 |      20 |   0.0 |   985
           D:2 |       0 |      78 |   0.0 |       0 |      31 |   0.0 |  1528
           D:3 |       0 |      53 |   0.0 |       0 |      11 |   0.0 |   550
               +---------+---------+-------+---------+---------+-------+---------
